[Event "Marshall CC Premier 04-2025"]
[Site "New York"]
[Date "2025.04.05"]
[Round "1.1"]
[White "Chasin, Nico"]
[Black "Creswell, Charlie"]
[Result "1-0"]
[Annotator "RC"]
[ECO "B48"]
[WhiteElo "2435"]
[BlackElo "1979"]
[PlyCount "65"]
[EventDate "2025.01.03"]
[EventType "swiss"]
[EventCountry "USA"]
[SourceTitle "playchess.com"]
[Source "ChessBase"]
[SourceQuality "1"]
[TimeControl "5400+30"]

1. e4 c5 2. Nc3 Nc6 3. Nge2 e6 4. d4 cxd4 5. Nxd4 Qc7 6. Be3 a6 7. g4 Bb4 8. Nxc6 Qxc6 9. Qd4 Bxc3+ 10. bxc3 Nf6 11. g5 Nxe4 12. Qxg7 Rf8 13. Bg2 Qxc3+ 14. Qxc3 Nxc3 15. Kd2 Nb5 16. a4 Nd6 17. Bc5 Nc4+ 18. Kc3 d6 19. Kxc4 dxc5 20. Be4 h6 21. f4 Rb8 22. Kxc5 Ke7 23. Kb6 Bd7 24. Ra3 Bc6 25. Bxc6 bxc6+ 26. Ka5 f6 27. gxh6 Rh8 28. Rh3 Rbd8 29. Rg1 Rd5+ 30. Kb6 Rb8+ 31. Kc7 Rdd8 32. Rg7+ Kf8 33. Rhg3 1-0

[Event "Marshall CC Premier 04-2025"]
[Site "New York"]
[Date "2025.04.05"]
[Round "1.2"]
[White "Saxena, Vihaan"]
[Black "Sarkar, Justin"]
[Result "1/2-1/2"]
[Annotator "RC"]
[ECO "D64"]
[WhiteElo "1913"]
[BlackElo "2305"]
[PlyCount "127"]
[EventDate "2025.01.03"]
[EventType "swiss"]
[EventCountry "USA"]
[SourceTitle "playchess.com"]
[Source "ChessBase"]
[SourceQuality "1"]
[TimeControl "5400+30"]

1. d4 Nf6 2. c4 e6 3. Nf3 d5 4. Bg5 Be7 5. e3 O-O 6. Qc2 Nbd7 7. Nc3 c6 8. Rc1 a6 9. a3 dxc4 10. Bxc4 b5 11. Ba2 c5 12. Ne4 Qa5+ 13. Qd2 Qxd2+ 14. Nexd2 c4 15. O-O Bb7 16. Bb1 h6 17. Bh4 Rfc8 18. Ne5 Nxe5 19. dxe5 Nd5 20. Bxe7 Nxe7 21. Ne4 Bxe4 22. Bxe4 Ra7 23. Rfd1 f5 24. exf6 gxf6 25. Rd6 Kf7 26. g3 a5 27. Rb6 Rc5 28. Rd1 Nc8 29. Rb8 Ke7 30. Bf3 Rd7 31. Rxd7+ Kxd7 32. Rb7+ Kd6 33. h4 f5 34. Be2 Ne7 35. Kf1 Nd5 36. Ke1 c3 37. bxc3 Nxc3 38. Bd3 Rd5 39. Bc2 a4 40. Rb6+ Kd7 41. f3 Rc5 42. Kd2 Nd5 43. Rb7+ Kc6 44. Rh7 Nxe3 45. Kxe3 Rxc2 46. Rxh6 b4 47. axb4 a3 48. Rxe6+ Kb5 49. Re5+ Kxb4 50. Re8 a2 51. Rb8+ Kc3 52. Ra8 Kb2 53. Kf4 Rc8 54. Rxa2+ Kxa2 55. h5 Rh8 56. Kg5 Kb3 57. h6 Kc4 58. Kg6 Rg8+ 59. Kxf5 Rxg3 60. h7 Rxf3+ 61. Kg6 Rh3 62. Kg7 Kd5 63. h8=Q Rxh8 64. Kxh8 1/2-1/2

[Event "Marshall CC Premier 04-2025"]
[Site "New York"]
[Date "2025.04.05"]
[Round "1.3"]
[White "Muthukumar, Haari"]
[Black "Smith, Daniel"]
[Result "1-0"]
[Annotator "RC"]
[ECO "B11"]
[WhiteElo "2197"]
[BlackElo "2006"]
[PlyCount "65"]
[EventDate "2025.01.03"]
[EventType "swiss"]
[EventCountry "USA"]
[SourceTitle "playchess.com"]
[Source "ChessBase"]
[SourceQuality "1"]
[TimeControl "5400+30"]

1. e4 c6 2. Nf3 d5 3. Nc3 Bg4 4. h3 Bxf3 5. Qxf3 Nf6 6. d4 dxe4 7. Qe3 e6 8. Be2 Bb4 9. O-O Nd5 10. Qg3 Nxc3 11. bxc3 Bf8 12. Rb1 b5 13. f3 e3 14. f4 g6 15. Qxe3 Be7 16. Bf3 O-O 17. g4 Qc7 18. Bg2 Bd6 19. f5 Re8 20. Qf3 a6 21. Bh6 Bf8 22. Bf4 Qd7 23. fxg6 hxg6 24. h4 Bg7 25. h5 Ra7 26. Qh3 Bh8 27. Qg3 Qd8 28. hxg6 fxg6 29. Be4 g5 30. Be5 Bxe5 31. Qxe5 Nd7 32. Bh7+ Kxh7 33. Rf7+ 1-0

[Event "Marshall CC Premier 04-2025"]
[Site "New York"]
[Date "2025.04.05"]
[Round "1.4"]
[White "Shen, Leo Xiaohang"]
[Black "Hebbar, Eshaan"]
[Result "1/2-1/2"]
[Annotator "RC"]
[ECO "B08"]
[WhiteElo "1998"]
[BlackElo "2175"]
[PlyCount "130"]
[EventDate "2025.01.03"]
[EventType "swiss"]
[EventCountry "USA"]
[SourceTitle "playchess.com"]
[Source "ChessBase"]
[SourceQuality "1"]
[TimeControl "5400+30"]

1. e4 d6 2. d4 Nf6 3. Nc3 g6 4. Nf3 Bg7 5. Bd3 O-O 6. O-O c6 7. h3 Nbd7 8. Ne2 e5 9. c3 d5 10. Ng3 dxe4 11. Nxe4 exd4 12. Nxd4 Nxe4 13. Bxe4 Nc5 14. Bc2 Qc7 15. Qf3 Ne6 16. Nxe6 Bxe6 17. Be3 Rfe8 18. Rfe1 Rad8 19. Bb3 Qa5 20. Bxe6 Rxe6 21. Red1 Rxd1+ 22. Rxd1 Qc7 23. Qf4 Be5 24. Qa4 a6 25. Qc2 h5 26. Bg5 Bd6 27. Qd2 Kh7 28. c4 Bc5 29. Bd8 Qe5 30. Qd7 Qf5 31. Bh4 Re1+ 32. Kh2 Rxd1 33. Qxd1 Bxf2 34. Bxf2 Qxf2 35. Qb3 b6 36. a4 h4 37. Qc3 Qf4+ 38. Kg1 c5 39. Qb3 Qf6 40. Kh1 Kg7 41. Qc2 Qd4 42. Qb3 g5 43. Qc2 g4 44. hxg4 Qxg4 45. b3 Qg3 46. Qb2+ Kg8 47. Qd2 h3 48. gxh3 Qxh3+ 49. Kg1 Qg3+ 50. Kh1 Kg7 51. Qd8 Qg6 52. Qd5 a5 53. Kh2 Qg4 54. Qe5+ Kg6 55. Qd6+ Qe6 56. Qg3+ Kf5 57. Qf2+ Ke5 58. Qe3+ Kd6 59. Qd3+ Kc7 60. Qf3 f5 61. Kg3 Qe5+ 62. Kh4 Kd6 63. Kg5 f4+ 64. Kg4 Qd4 65. Qxf4+ Kc6 1/2-1/2

[Event "Marshall CC Premier 04-2025"]
[Site "New York"]
[Date "2025.04.05"]
[Round "1.5"]
[White "Hoffman, Luc"]
[Black "Kozower, Ethan"]
[Result "1-0"]
[Annotator "RC"]
[ECO "C47"]
[WhiteElo "2211"]
[BlackElo "1995"]
[PlyCount "53"]
[EventDate "2025.01.03"]
[EventType "swiss"]
[EventCountry "USA"]
[SourceTitle "playchess.com"]
[Source "ChessBase"]
[SourceQuality "1"]
[TimeControl "5400+30"]

1. e4 e5 2. Nf3 Nc6 3. Nc3 Nf6 4. a4 a6 5. d4 exd4 6. Nxd4 Bb4 7. Nxc6 bxc6 8. Bd3 d5 9. exd5 cxd5 10. O-O O-O 11. Bg5 c6 12. Qf3 Be7 13. Rfe1 Bg4 14. Qg3 Bh5 15. Qh4 Bg6 16. Bxg6 fxg6 17. Qh3 Bc5 18. Bh4 g5 19. Bg3 Qb6 20. Qe6+ Kh8 21. a5 Qa7 22. h3 Nh5 23. Kh2 Bxf2 24. Bxf2 Qxf2 25. Qg4 Qf4+ 26. Qxf4 gxf4 27. Re7 1-0

[Event "Marshall CC Premier 04-2025"]
[Site "New York"]
[Date "2025.04.05"]
[Round "1.6"]
[White "Pan, Zachary"]
[Black "Klenoff, Caleb"]
[Result "1/2-1/2"]
[Annotator "RC"]
[ECO "C07"]
[WhiteElo "1955"]
[BlackElo "2141"]
[PlyCount "85"]
[EventDate "2025.01.03"]
[EventType "swiss"]
[EventCountry "USA"]
[SourceTitle "playchess.com"]
[Source "ChessBase"]
[SourceQuality "1"]
[TimeControl "5400+30"]

1. e4 e6 2. d4 d5 3. Nd2 c5 4. Ngf3 cxd4 5. Nxd4 Nc6 6. Bb5 Bd7 7. Nxc6 bxc6 8. Bd3 Qc7 9. Qe2 Ne7 10. Nf3 Ng6 11. O-O Bd6 12. Re1 Nf4 13. Bxf4 Bxf4 14. c4 O-O 15. g3 Bh6 16. exd5 cxd5 17. Qc2 dxc4 18. Bxh7+ Kh8 19. Ne5 Rac8 20. Nxd7 Qxd7 21. Rad1 Qb5 22. Be4 Rb8 23. b3 cxb3 24. Qxb3 Qa5 25. Qc2 Rfc8 26. Qe2 Kg8 27. Rb1 Rxb1 28. Rxb1 Rd8 29. Rd1 Rxd1+ 30. Qxd1 g6 31. Qc2 Bg7 32. h4 Bd4 33. Kg2 Kg7 34. a4 Qe1 35. Bf3 Qe5 36. Qc4 Bb6 37. Qc2 Qd4 38. Bc6 e5 39. Bb7 Qb4 40. Bc6 Qd4 41. Bb7 Kh6 42. Qc1+ Kg7 43. Qc2 1/2-1/2

[Event "Marshall CC Premier 04-2025"]
[Site "New York"]
[Date "2025.04.05"]
[Round "1.7"]
[White "Mottola, Max"]
[Black "Shankar, Pranav"]
[Result "1-0"]
[Annotator "RC"]
[ECO "B15"]
[WhiteElo "2121"]
[BlackElo "1966"]
[PlyCount "45"]
[EventDate "2025.01.03"]
[EventType "swiss"]
[EventCountry "USA"]
[SourceTitle "playchess.com"]
[Source "ChessBase"]
[SourceQuality "1"]
[TimeControl "5400+30"]

1. e4 c6 2. d4 d5 3. Nc3 dxe4 4. Nxe4 Nf6 5. Nxf6+ exf6 6. c3 Bd6 7. Bd3 O-O 8. Ne2 Re8 9. O-O Nd7 10. Ng3 g6 11. Bh6 f5 12. Qd2 Bf8 13. Bg5 Be7 14. Bxe7 Rxe7 15. Bxf5 gxf5 16. Qg5+ Kh8 17. Nxf5 f6 18. Qh5 Re6 19. Rae1 Qg8 20. Nh6 Rxe1 21. Rxe1 Qg6 22. Re8+ Kg7 23. Rg8# 1-0

[Event "Marshall CC Premier 04-2025"]
[Site "New York"]
[Date "2025.04.05"]
[Round "1.8"]
[White "Knowles, Chase"]
[Black "Marsh, James J"]
[Result "1-0"]
[Annotator "RC"]
[ECO "A17"]
[WhiteElo "1968"]
[BlackElo "2058"]
[PlyCount "57"]
[EventDate "2025.01.03"]
[EventType "swiss"]
[EventCountry "USA"]
[SourceTitle "playchess.com"]
[Source "ChessBase"]
[SourceQuality "1"]
[TimeControl "5400+30"]

1. Nf3 d5 2. c4 e6 3. e3 Nf6 4. Nc3 Bd6 5. b3 O-O 6. Bb2 Re8 7. Be2 dxc4 8. bxc4 e5 9. Nb5 c5 10. d3 Nc6 11. Nxd6 Qxd6 12. O-O Bf5 13. Qb3 Rad8 14. Rad1 Rd7 15. h3 h6 16. Qc3 Qe7 17. Rd2 Nh7 18. d4 Nf6 19. Qc1 exd4 20. exd4 cxd4 21. Bd3 Bxd3 22. Rxd3 Red8 23. Re1 Qc5 24. Ba3 Qf5 25. Qd1 Ne4 26. g4 Qh7 27. Qe2 Ng5 28. Qe8+ Rxe8 29. Rxe8# 1-0

[Event "Marshall CC Premier 04-2025"]
[Site "New York"]
[Date "2025.04.05"]
[Round "1.9"]
[White "Dong, Kyle Qiyu"]
[Black "Sukhiashvili, Alexander"]
[Result "1-0"]
[Annotator "RC"]
[ECO "A37"]
[WhiteElo "2006"]
[BlackElo "1911"]
[PlyCount "83"]
[EventDate "2025.01.03"]
[EventType "swiss"]
[EventCountry "USA"]
[SourceTitle "playchess.com"]
[Source "ChessBase"]
[SourceQuality "1"]
[TimeControl "5400+30"]

1. c4 c5 2. g3 Nc6 3. Bg2 g6 4. Nc3 Bg7 5. Nf3 e6 6. d4 cxd4 7. Nb5 d5 8. cxd5 exd5 9. Nbxd4 Nge7 10. O-O O-O 11. Be3 Be6 12. Nxc6 bxc6 13. Bd4 Bxd4 14. Nxd4 c5 15. Nxe6 fxe6 16. e4 d4 17. Qg4 Qb6 18. Qg5 Nc6 19. Bh3 Nb4 20. Rac1 Rac8 21. Qe7 Rfe8 22. Qf6 c4 23. Rfd1 d3 24. a3 Na2 25. Rxd3 Qc6 26. Rxc4 Qxc4 27. Rd7 Qc1+ 28. Kg2 Qh6 29. Bxe6+ Rxe6 30. Qxe6+ Kh8 31. Qxa2 Qf8 32. Qd5 Qf6 33. e5 Qf5 34. Rd8+ Rxd8 35. Qxd8+ Kg7 36. Qf6+ Qxf6 37. exf6+ Kxf6 38. Kf3 Ke5 39. Ke3 g5 40. f4+ gxf4+ 41. gxf4+ Kf5 42. Kf3 1-0

[Event "Marshall CC Premier 04-2025"]
[Site "New York"]
[Date "2025.04.05"]
[Round "1.10"]
[White "Zhao, Austin"]
[Black "Schaefer, Sasha Milo"]
[Result "1/2-1/2"]
[Annotator "RC"]
[ECO "B15"]
[WhiteElo "1806"]
[BlackElo "2050"]
[PlyCount "168"]
[EventDate "2025.01.03"]
[EventType "swiss"]
[EventCountry "USA"]
[SourceTitle "playchess.com"]
[Source "ChessBase"]
[SourceQuality "1"]
[TimeControl "5400+30"]

1. e4 c6 2. d4 d5 3. Nc3 dxe4 4. Nxe4 Nf6 5. Nxf6+ exf6 6. c3 Bd6 7. Bd3 O-O 8. Qc2 Re8+ 9. Ne2 h5 10. Be3 Nd7 11. O-O-O Nf8 12. c4 Be6 13. Nc3 Rc8 14. Ne4 Be7 15. Kb1 g6 16. h3 b5 17. c5 f5 18. Nc3 Rb8 19. Ne2 Bd5 20. Nf4 h4 21. Rhg1 Ne6 22. Nxd5 Qxd5 23. Be2 f4 24. Bf3 Qd7 25. Bc1 Nxd4 26. Bxc6 Qxc6 27. Rxd4 Qxc5 28. Qxc5 Bxc5 29. Rxf4 Re2 30. Rf1 Be7 31. Rf3 Re8 32. Rc3 Bf6 33. Rc2 Bd4 34. Bg5 Re1+ 35. Rxe1 Rxe1+ 36. Rc1 Bxf2 37. Rxe1 Bxe1 38. Bf6 Kf8 39. Kc2 Ke8 40. Kd3 Kd7 41. Ke4 Ke6 42. Bg5 f5+ 43. Kf3 Bg3 44. Be3 a5 45. b3 Kd5 46. Bb6 a4 47. Ba7 Bd6 48. Bf2 Be7 49. Kf4 Ke6 50. Bb6 g5+ 51. Ke3 Kd5 52. Kf3 Ke5 53. Bf2 Kf6 54. Bd4+ Kg6 55. Be5 Kh5 56. Bc7 Ba3 57. Be5 Bc1 58. Bd6 Kg6 59. Be5 Kf7 60. Bd4 Ke6 61. Bf2 Kd5 62. Bb6 Bf4 63. Bf2 Bc7 64. Be3 Bd8 65. Bf2 Kc6 66. Bd4 Kb7 67. Be3 Ka6 68. Bd2 Bf6 69. Be1 Kb6 70. Bf2+ Kc6 71. Be3 axb3 72. axb3 Kd5 73. Bb6 Be7 74. Be3 f4 75. Bb6 Bf6 76. Bf2 b4 77. Bb6 Be7 78. Bf2 Ke5 79. Bb6 Kf5 80. Bd4 Bd6 81. Bf2 Be5 82. Bc5 Bc3 83. Bb6 Bd2 84. Bc5 Ke6 1/2-1/2